Map: Orbital Shipyard

Players

capac - Winner!

  • Race: Terran Terran
  • League: Gold

A.I. 1 (Very Hard)

  • Race: Protoss Protoss

VOD

Have the link to the VOD?

Description

Time

  • Played on: Feb. 25, 2016, 2:14 p.m.
  • Length: 11:43
Show
View Real Time Build Order
Export as new Build Order

capac Terran - Winner!

Build Orders: Bio Tank 

Get SALT Encoding   

  12  0:01  SCV  
  13  0:13  SCV  
  14  0:21  Supply Depot  
  14  0:25  SCV  
  16  0:42  SCV  
  16  0:45  Barracks  
  16  0:49  Refinery  
  16  0:55  SCV  
  17  1:07  SCV  
  18  1:22  SCV  
  19  1:34  Barracks Reactor  
  19  1:37  Orbital Command  
  19  1:41  Command Center  
  19  2:02  SCV  
  19  2:04  Supply Depot  
  20  2:11  Marine x2  
  22  2:17  SCV  
  23  2:25  Factory  
  23  2:27  Barracks  
  23  2:29  SCV  
  24  2:31  Marine x2  
  26  2:39  Refinery  
  26  2:41  SCV  
  27  2:54  Orbital Command  
  27  3:00  Marine x2  
  29  3:08  SCV  
  29  3:12  Starport, Factory Tech Lab  
  30  3:15  Barracks Tech Lab  
  30  3:20  SCV  
  30  3:22  SCV  
  32  3:30  Supply Depot  
  32  3:32  Marine x2  
  35  3:34  SCV  
  35  3:41  Stimpack  
  35  3:42  Marine  
  35  3:46  SCV x2  
  38  3:50  Marine  
  38  3:53  Barracks  
  38  3:54  Marine  
  40  4:00  Marine  
  40  4:02  SCV x2  
  43  4:03  Engineering Bay  
  43  4:07  Siege Tank  
  46  4:14  SCV  
  46  4:15  SCV  
  48  4:17  Supply Depot  
  48  4:26  Marine  
  48  4:27  Marine x2  
  48  4:29  SCV x2  
  53  4:34  Starport Reactor  
  53  4:40  Supply Depot  
  53  4:41  SCV x2  
  53  4:42  Siege Tank  
  58  4:46  Barracks Reactor  
  58  4:51  Refinery  
  58  4:52  Refinery  
  58  4:53  SCV  
  58  4:54  Terran Infantry Weapons Level 1  
  59  5:04  SCV  
  59  5:05  SCV  
  61  5:11  Supply Depot  
  61  5:17  Siege Tank  
  61  5:19  SCV x2  
  66  5:21  Marine x3  
  66  5:22  Marine  
  70  5:28  Marine  
  70  5:33  Medivac  
  70  5:34  Medivac  
  70  5:35  SCV x2  
  77  5:40  Supply Depot  
  77  5:43  Marine x2  
  77  5:44  Marine x2  
  81  5:52  Siege Tank  
  81  5:54  Command Center, Combat Shields  
  84  6:05  Supply Depot  
  84  6:06  Marine x4  
  88  6:19  Liberator  
  88  6:20  Liberator  
  88  6:25  Marine x5  
  90  6:26  Barracks  
  90  6:27  Barracks  
  90  6:30  Supply Depot  
  99  6:47  Marine  
  99  6:48  Marine x2  
  99  6:52  Marine x2  
  104  6:54  Supply Depot  
  104  6:57  Supply Depot  
  104  7:04  Terran Infantry Armor Level 1  
  104  7:15  Liberator x2  
  104  7:24  SCV x2  
  104  7:25  Supply Depot  
  106  7:34  Marine x5, Siege Tank  
  104  8:10  Marine x5  
  109  8:28  Marine  
  110  8:39  Marine x3  
  110  8:40  Marine  
  114  8:43  Barracks Reactor x2  
  114  8:45  Marine  
  115  9:02  Medivac x2  
  119  9:04  Marine x4, Siege Tank  
  119  9:05  Marine  
  127  9:14  SCV x2  
  127  9:16  Orbital Command  
  129  9:22  Marine  
  129  9:23  Supply Depot  
  130  9:27  Supply Depot  
  130  9:29  SCV x2  
  131  9:34  Marine x7  
  131  9:35  Marine  
  131  9:36  Siege Tank  
  142  9:41  SCV  
  142  9:44  Command Center  
  143  9:46  SCV x2  
  143  9:50  Medivac x2  
  149  9:53  SCV  
  149  9:54  Supply Depot, Marine  
  149  9:55  Marine x7  
  158  10:03  Marine  
  159  10:08  Siege Tank  
  159  10:10  Supply Depot  
  159  10:12  Marine x2  
  159  10:13  Marine  
  165  10:16  Marine x5  
  170  10:23  Supply Depot  
  170  10:24  Medivac  
  172  10:32  Medivac  
  174  10:37  Liberator  
  174  10:42  Marine x7  
  174  10:43  Marine x2  
  174  10:45  Siege Tank  
  187  11:30  SCV x3  
  198  11:34  Refinery x2  
Show
View Real Time Build Order
Export as new Build Order

A.I. 1 (Very Hard) Protoss 

Build Orders: Zealot Archon 

Get SALT Encoding   

  12  0:01  Probe (Chrono Boost)  
  13  0:11  Probe (Chrono Boost)  
  14  0:20  Pylon  
  14  0:22  Probe (Chrono Boost)  
  15  0:38  Probe (Chrono Boost)  
  16  0:47  Assimilator  
  16  0:49  Probe (Chrono Boost), Gateway  
  17  0:59  Probe (Chrono Boost), Pylon  
  18  1:10  Probe (Chrono Boost)  
  19  1:20  Probe (Chrono Boost)  
  20  1:31  Probe (Chrono Boost)  
  21  1:34  Zealot  
  21  1:38  Cybernetics Core  
  23  1:40  Gateway  
  23  1:43  Probe (Chrono Boost)  
  24  1:51  Pylon  
  25  1:54  Probe (Chrono Boost)  
  25  1:59  Zealot  
  25  2:05  Probe (Chrono Boost)  
  28  2:12  Warp Gate  
  28  2:17  Probe (Chrono Boost)  
  29  2:25  Adept  
  29  2:26  Adept  
  33  2:30  Gateway  
  33  2:38  Probe (Chrono Boost)  
  33  2:44  Gateway  
  33  2:50  Stalker  
  33  2:55  Stalker  
  38  3:06  Probe (Chrono Boost), Pylon  
  38  3:09  Assimilator  
  38  3:17  Probe (Chrono Boost)  
  39  3:23  Adept x2  
  43  3:30  Stalker  
  45  3:35  Stalker  
  47  3:47  Pylon  
  47  3:59  Robotics Facility  
  47  4:12  Twilight Council  
  47  4:25  Pylon  
  47  4:50  Templar Archives  
  47  4:51  Zealot  
  49  4:58  Nexus  
  49  5:27  High Templar  
  51  5:38  Sentry  
  53  5:52  Forge  
  53  6:03  Forge  
  53  6:06  High Templar  
  53  6:10  Probe (Chrono Boost)  
  53  6:11  Probe (Chrono Boost)  
  57  6:15  Stalker  
  57  6:18  Assimilator  
  59  6:20  Archon, Pylon  
  59  6:22  Probe (Chrono Boost)  
  59  6:23  Probe (Chrono Boost)  
  59  6:24  Assimilator  
  61  6:33  Probe (Chrono Boost)  
  61  6:34  Probe (Chrono Boost)  
  63  6:44  Probe (Chrono Boost), High Templar  
  63  6:45  Probe (Chrono Boost)  
  67  6:55  Probe (Chrono Boost)  
  67  6:57  Probe (Chrono Boost)  
  67  7:00  High Templar  
  71  7:03  Photon Cannon  
  71  7:04  Stalker  
  71  7:05  Pylon  
  71  7:07  Probe (Chrono Boost)  
  75  7:08  Probe (Chrono Boost)  
  75  7:09  Stalker  
  77  7:15  Archon  
  77  7:16  Observer  
  77  7:18  Probe (Chrono Boost)  
  77  7:20  Probe (Chrono Boost)  
  80  7:27  Pylon  
  81  7:30  Probe (Chrono Boost)  
  81  7:31  Probe (Chrono Boost), High Templar  
  81  7:34  Zealot  
  81  7:35  Zealot x2  
  82  7:42  Probe (Chrono Boost)  
  82  7:43  Probe (Chrono Boost)  
  70  7:44  Nexus  
  54  7:53  Probe (Chrono Boost), High Templar  
  54  7:54  Zealot x2  
  59  8:02  Zealot  
  52  8:13  High Templar, Stalker  
  53  8:20  Archon  
  53  8:21  Adept  
  53  8:24  Zealot  
  53  8:25  Twilight Council  
  35  8:34  Zealot  
  35  8:41  Pylon  
  32  8:49  High Templar  
  34  8:56  Pylon  
  33  9:04  High Templar  
  33  9:08  Archon  
  35  9:18  High Templar  
  37  9:32  High Templar  
  37  9:34  Adept  
  41  9:39  Stalker  
  41  9:42  Archon  
  43  9:47  Zealot  
  43  9:51  Probe (Chrono Boost)  
  45  9:53  High Templar  
  47  10:02  Probe (Chrono Boost)  
  47  10:03  Probe (Chrono Boost)  
  47  10:07  High Templar  
  50  10:13  Probe (Chrono Boost)  
  51  10:14  Probe (Chrono Boost), Stalker  
  51  10:18  Archon  
  53  10:24  Probe (Chrono Boost)  
  53  10:26  Probe (Chrono Boost), High Templar  
  54  10:34  Zealot  
  52  10:36  Zealot  
  52  10:41  High Templar  
  42  10:48  Archon  
  42  10:52  Probe (Chrono Boost)  
  42  10:55  High Templar  
  45  10:59  Probe (Chrono Boost)  
  45  11:03  Probe (Chrono Boost)  
  46  11:09  High Templar  
  46  11:10  Pylon  
  44  11:12  Zealot  
  44  11:14  Zealot, Adept  
  40  11:19  Pylon  
Tags
 
Add a new tag
Caveats
  • Supply blocks, unpowered buildings, or Contaminate may cause inaccurate times.
  • Supply counts are checked every 10 seconds.